 Dungeon Sprint DCSS version 0.30-a0-626-gd6a5dd7a1f (webtiles) character file.

Game seed: 3731623335640731610

217 BigDaddyOpFi the Cleaver (level 5, -5/53 HPs)
             Began as a Hill Orc Fighter on Jan 11, 2023.
             Was an Initiate of Fedhas.
             Slain by a vampire (11 damage)
             ... in the Dungeon (Sprint IX: "|||||||||||||||||||||||||||||").
             The game lasted 00:00:47 (139 turns).

BigDaddyOpFi the Cleaver (Hill Orc Fighter)          Turns: 139, Time: 00:00:47

Health: -5/53      AC:  7    Str: 24    XL:     5   Next: 94%
Magic:  5/5        EV:  9    Int:  8    God:    Fedhas [......]
Gold:   0          SH:  6    Dex: 17    Spells: 4/4 levels left

rFire   . . .      SeeInvis .    m - +2 rapier "Earthworm" {freeze, rN+ Will- Dex+4 Stlth+}
rCold   . . .      Faith    .    c - +0 buckler
rNeg    + . .      Spirit   .    b - +0 scale mail
rPois   .          Reflect  .    (no helmet)
rElec   .          Harm     .    (no cloak)
rCorr   .          Rampage  .    (no gloves)
Will    .....      NoTele   +    (no boots)
Stlth   +                        (no amulet)
HPRegen 0.28/turn                q - +3 ring of dexterity
MPRegen 0.09/turn                r - +3 ring of strength

@: slowed, very slow
A: no striking features
a: Renounce Religion


You were in the Dungeon.
You worshipped Fedhas.
Fedhas was noncommittal.
You visited 1 branch

Inventory:

Hand Weapons
 a - a +0 war axe
 m - the +2 rapier "Earthworm" (weapon) {freeze, rN+ Will- Dex+4 Stlth+}
   (You found it in the Dungeon)

   Dex:       It affects your dexterity (+4).
   rN:        It protects you from negative energy.
   Will:      It decreases your willpower.
   Stlth:     It makes you more stealthy.
Armour
 b - a +0 scale mail (worn)
 c - a +0 buckler (worn)
 n - a +0 pair of gloves
 o - a +0 pair of gloves
 p - a +0 plate armour
Jewellery
 q - a +3 ring of dexterity (left hand)
 r - a +3 ring of strength (right hand)
Wands
 l - a wand of iceblast (10)
Scrolls
 j - 2 scrolls of blinking
 k - 2 scrolls of amnesia
Potions
 d - a potion of invisibility
 e - 5 potions of curing
 f - a potion of heal wounds
 g - a potion of haste
 h - 4 potions of magic
 i - a potion of berserk rage


   Skills:
 + Level 7.9 Fighting
 + Level 8.1 Axes
 + Level 7.2 Armour
 + Level 7.2 Shields


You had 4 spell levels left.
You didn't know any spells.
Your spell library was empty.

Dungeon Overview and Level Annotations

Branches:
Dungeon (1/1)

Altars:
Cheibriados
Dithmenos
Elyvilon
Fedhas
Gozag
Hepliaklqana
Kikubaaqudgha
Makhleb
Nemelex Xobeh
Okawaru
Qazlal
Ru
Sif Muna
Trog
Uskayaw
Vehumet
Wu Jian
Xom
Yredelemnul
Zin
The Shining One
Beogh
Jiyva
Lugonu


Message History

The wraith hits you. The wraith barely misses you.
You hit the wraith.
The wraith is severely damaged.
The wraith hits you! The wraith drains your vigour!
You feel as though you will be slow longer.
The wraith hits you.
You hit the wraith but do no damage.
The wraith is severely damaged.
An orc wizard appears from thin air!
Reactivating autopickup.
The wraith barely misses you. You block the wraith's attack.
You puncture the wraith! You freeze the wraith.
The wraith is almost destroyed.
The wraith barely misses you. The wraith completely misses you.
You hit the wraith but do no damage.
The wraith is almost destroyed.
You block the wraith's attack. The wraith barely misses you.
The orc wizard casts a spell.
The orc wizard flickers and vanishes!
Deactivating autopickup; reactivate with Ctrl-A.
You hit the wraith.
The wraith is almost destroyed.
The wraith barely misses you.
You closely miss the wraith.
The wraith is almost destroyed.
The wraith hits you but does no damage. You block the wraith's attack.
You hit the wraith but do no damage.
The wraith is almost destroyed.
The wraith hits you! You block the wraith's attack.
You hit the wraith.
The wraith is almost destroyed.
The wraith hits you!
* * * LOW HITPOINT WARNING * * *
You block the wraith's attack.
You hit the wraith.
You destroy the wraith!
Fedhas accepts your kill. Something hits you but does no damage.
Something bites you!
You die...
Fedhas appreciates your contribution to the ecosystem.

▓.▓
▓.▓
▓)▓
▓.▓
▓.▓
▓.▓
▓.▓
▓.▓
▓@▓
▓'▓
▓.▓
▓Y▓
▓{▓
▓{▓
▓.▓
▓.▓


You could see a yak.

Vanquished Creatures
  A wraith (D)
  A yak (D)
  A gnoll bouda (D)
  An iguana (D)
  An adder (D)
  An orc (D)
  An endoplasm (D)
  2 goblins (D)
  A jackal (D)
  A ball python (D)
  A frilled lizard (D)
12 creatures vanquished.

Notes
Turn   | Place    | Note
-------+----------+-------------------------------------------
     0 | D        | BigDaddyOpFi the Hill Orc Fighter began the quest for the
                  | Orb.
     0 | D        | Reached XP level 1. HP: 19/19 MP: 1/1
     5 | D        | Reached skill level 3 in Axes
    36 | D        | Noticed an iguana
    36 | D        | Noticed a gnoll bouda
    40 | D        | Reached XP level 2. HP: 26/27 MP: 2/2
    43 | D        | Reached skill level 5 in Fighting
    43 | D        | Reached skill level 4 in Axes
    43 | D        | Reached XP level 3. HP: 36/36 MP: 3/3
    46 | D        | Reached skill level 5 in Axes
    46 | D        | Reached skill level 5 in Armour
    46 | D        | Reached skill level 5 in Shields
    46 | D        | Reached XP level 4. HP: 43/44 MP: 4/4
    56 | D        | Found a roughly hewn altar of Beogh.
    56 | D        | Found a snail-covered altar of Cheibriados.
    56 | D        | Found a shadowy altar of Dithmenos.
    56 | D        | Found a white marble altar of Elyvilon.
    56 | D        | Found a blossoming altar of Fedhas.
    56 | D        | Found an opulent altar of Gozag.
    57 | D        | Found a hazy altar of Hepliaklqana.
    58 | D        | Found a viscous altar of Jiyva.
    59 | D        | Found an ancient bone altar of Kikubaaqudgha.
    60 | D        | Found a corrupted altar of Lugonu.
    61 | D        | Found a burning altar of Makhleb.
    62 | D        | Found a sparkling altar of Nemelex Xobeh.
    63 | D        | Became a worshipper of Fedhas Madash
    64 | D        | Found an iron altar of Okawaru.
    65 | D        | Found a stormy altar of Qazlal.
    66 | D        | Found a sacrificial altar of Ru.
    67 | D        | Found a shimmering blue altar of Sif Muna.
    68 | D        | Found a bloodstained altar of Trog.
    69 | D        | Found a hide-covered altar of Uskayaw.
    70 | D        | Found a radiant altar of Vehumet.
    71 | D        | Found an ornate altar of the Wu Jian Council.
    72 | D        | Found a shimmering altar of Xom.
    73 | D        | Found a basalt altar of Yredelemnul.
    74 | D        | Found a glowing silver altar of Zin.
    75 | D        | Found a glowing golden altar of the Shining One.
    93 | D        | Got the +2 rapier "Earthworm" {freeze, rN+ Will- Dex+4
                  | Stlth+}
   108 | D        | Noticed a yak
   108 | D        | Noticed a wraith
   108 | D        | Noticed a vampire
   108 | D        | Noticed a yak
   121 | D        | Killed a yak
   122 | D        | Reached skill level 8 in Axes
   122 | D        | Reached XP level 5. HP: 27/53 MP: 5/5
   139 | D        | Killed a wraith
   139 | D        | Slain by a vampire

Illustrated notes

Levels and vault maps discovered:
D:        linesprint [early_d, line_temple, items_1, d_10, items_2, lair_1,
          lair_end, items_3, orc_1, orc_end, items_4, d_15, swamp_1, shoals_1,
          snake_1, spider_1, d_20, vaults_1, items_5, swamp_end, shoals_end,
          snake_end, spider_end, vaults_end, d_27, items_6, zot_1, zot_end,
          crypt_end, forest_end, elf_end, slime_end, tomb_end, abyss_end,
          pan_hell_end]

Skill      XL: |  1  2  3  4 |
---------------+-------------+-----
Axes           | 3 4 5 8 |  8.1
Fighting       | 4 5 7 |  7.9
Armour         | 4 5 7 |  7.2
Shields        | 4 5 7 |  7.2

Action                   |  1- 3 |  4- 6 || total
-------------------------+-------+-------++-------
Melee: War axe           |    33 |     4 ||    37
       Rapier            |       |    30 ||    30
  Use: Potion            |     2 |     1 ||     3
Armor: Scale mail        |    13 |     6 ||    19
Dodge: Dodged            |     9 |    19 ||    28
Block: Buckler           |    11 |    10 ||    21

Table legend: (Time is in decaauts)
 A = Elapsed time spent in this place.
 B = Non-inter-level travel time spent in this place.
 C = Inter-level travel time spent in this place.
 D = Time resting spent in this place.
 E = Time spent auto-exploring this place.
 F = Levels seen in this place.
 G = Mean time per level.
                   A        B        C        D        E       F      G
               +--------+--------+--------+--------+--------+-----+--------+
         Total |    166 |    166 |      0 |      0 |      0 |   1 |  166.0 |
       Dungeon |    166 |    166 |      0 |      0 |      0 |   1 |  166.0 |
               +--------+--------+--------+--------+--------+-----+--------+

Top non-repeatable levels by time:
       D: 166 daAuts
